Map: Whirlwind LE (Void)

Players

과자섭취중 - Winner!

  • Race: Zerg Zerg
  • League: Diamond
  • Spawn Location: 5:00

MarbleDonuts

  • Race: Zerg Zerg
  • League: Diamond
  • Spawn Location: 1:00

VOD

Have the link to the VOD?

Description

Time

  • Played on: Jan. 7, 2017, 7:45 a.m.
  • Length: 15:53
Show
View Real Time Build Order
Export as new Build Order

과자섭취중 Zerg - Winner!

Build Orders: Hatch First, Lurkers 

Get SALT Encoding   

  12  0:01  Drone  
  13  0:12  Overlord  
  13  0:17  Drone  
  14  0:30  Drone x2  
  14  0:34  Drone  
  17  0:55  Hatchery  
  16  0:58  Extractor  
  15  1:09  Spawning Pool  
  15  1:11  Drone  
  15  1:15  Drone  
  15  1:18  Drone  
  17  1:27  Drone  
  18  1:39  Drone  
  19  1:48  Drone  
  20  1:56  Queen  
  20  2:00  Metabolic Boost  
  22  2:09  Queen  
  22  2:10  Zergling x4  
  22  2:11  Zergling x2  
  27  2:22  Drone  
  28  2:23  Overlord  
  28  2:43  Drone x4  
  32  2:56  Drone, Overlord  
  33  3:08  Drone, Zergling x4  
  33  3:10  Overlord  
  36  3:17  Drone  
  36  3:18  Drone x3  
  40  3:23  Roach Warren  
  40  3:26  Drone x2  
  41  3:34  Drone x2  
  43  3:43  Overlord  
  43  3:55  Evolution Chamber  
  42  3:59  Evolution Chamber  
  40  4:06  Roach x2  
  40  4:07  Roach x6  
  56  4:11  Lair  
  56  4:17  Overlord  
  56  4:29  Zerg Missile Weapons Level 1  
  56  4:35  Extractor  
  55  4:39  Extractor  
  55  4:42  Drone  
  55  4:43  Drone x5  
  60  4:50  Drone  
  60  4:51  Drone x2  
  60  4:52  Overlord  
  63  4:56  Extractor  
  63  4:59  Roach x2  
  66  5:03  Drone x2  
  68  5:12  Hatchery  
  68  5:24  Zerg Ground Armor Level 1  
  68  5:31  Extractor, Overlord x4  
  67  5:42  Queen  
  66  5:47  Overseer  
  67  5:55  Spore Crawler  
  66  5:57  Drone  
  66  5:58  Drone x5  
  66  6:00  Spore Crawler  
  66  6:03  Drone x2, Spore Crawler  
  74  6:31  Roach x5  
  74  6:32  Zerg Missile Weapons Level 2  
  84  6:35  Roach x3  
  84  6:37  Glial Reconstitution  
  84  6:39  Overlord x3  
  90  6:41  Drone x3  
  93  6:56  Ravager x4  
  93  6:57  Ravager  
  98  7:07  Roach x3  
  98  7:08  Roach  
  106  7:09  Extractor  
  106  7:10  Drone x5  
  106  7:11  Extractor  
  106  7:13  Spine Crawler  
  108  7:23  Zerg Ground Armor Level 2  
  106  7:38  Drone x3  
  106  7:39  Drone x2  
  106  7:40  Roach x2  
  106  7:41  Roach x3  
  106  7:44  Overlord x2  
  121  7:56  Overseer  
  121  7:58  Drone  
  122  7:59  Overlord x2  
  122  8:08  Hydralisk Den  
  122  8:11  Drone x5  
  122  8:12  Roach x3  
  134  8:13  Roach  
  134  8:23  Roach x2  
  134  8:24  Roach x3  
  134  8:25  Roach  
  146  8:47  Muscular Augments  
  146  8:48  Hydralisk x3  
  148  8:49  Hydralisk  
  148  8:54  Overlord x2  
  148  8:55  Overlord  
  154  8:57  Hatchery  
  153  9:15  Hydralisk  
  153  9:16  Hydralisk x6  
  153  9:17  Hydralisk  
  169  9:33  Hydralisk x2  
  169  9:34  Overlord x2  
  169  9:35  Overlord  
  173  9:39  Infestation Pit  
  172  10:05  Hydralisk x4  
  172  10:06  Hydralisk x2, Roach x3  
  190  10:07  Overlord x2  
  190  10:12  Hydralisk  
  190  10:13  Roach x4  
  200  10:22  Hive  
  200  10:31  Extractor x2  
  198  10:44  Queen  
  198  10:48  Lurker Den  
  200  10:55  Overseer  
  200  10:57  Overseer  
  200  11:25  Hatchery  
  199  11:34  Zerg Missile Weapons Level 3, Zerg Ground Armor Level 3  
  199  11:39  Ultralisk Cavern  
  196  11:58  Roach x7  
  198  12:08  Roach x7  
  180  12:13  Overlord x3  
  180  12:15  Roach x7  
  190  12:16  Roach  
  192  12:33  Roach x3  
  164  12:44  Roach  
  164  12:45  Roach x17  
  164  12:49  Roach  
  178  12:56  Hydralisk x3, Roach  
  162  13:23  Hydralisk x7  
  162  13:24  Hydralisk x2  
  178  13:49  Chitinous Plating  
  178  13:57  Ultralisk x3  
  196  14:14  Lurker x4  
Show
View Real Time Build Order
Export as new Build Order

MarbleDonuts Zerg 

Build Orders: Pool First 

Get SALT Encoding   

  12  0:01  Drone  
  13  0:08  Drone  
  14  0:14  Extractor  
  14  0:16  Drone  
  15  0:22  Overlord  
  15  0:41  Drone x2  
  17  0:50  Spawning Pool  
  16  0:57  Drone  
  16  1:03  Drone  
  18  1:14  Hatchery  
  18  1:18  Extractor  
  16  1:19  Drone  
  16  1:21  Drone  
  18  1:30  Drone  
  19  1:38  Queen, Zergling x2  
  22  1:50  Overlord  
  22  2:09  Zergling x2  
  22  2:14  Queen  
  25  2:20  Metabolic Boost  
  25  2:22  Drone  
  26  2:29  Queen  
  28  2:41  Zergling x2  
  28  2:42  Zergling x2  
  30  2:48  Hatchery  
  29  3:02  Overlord x2  
  29  3:10  Drone x2  
  29  3:11  Drone x2  
  29  3:12  Drone  
  34  3:30  Baneling Nest  
  34  3:31  Zergling x4  
  34  3:32  Zergling x4  
  37  3:49  Drone x2  
  37  3:50  Drone x4  
  37  3:51  Drone  
  44  4:08  Queen  
  46  4:12  Roach Warren  
  46  4:15  Drone x4  
  49  4:22  Baneling  
  49  4:23  Baneling x4  
  49  4:27  Drone  
  49  4:28  Drone x3  
  53  4:50  Overlord x4  
  53  4:58  Roach x2  
  56  5:13  Drone x3  
  56  5:14  Drone x7  
  66  5:32  Spine Crawler  
  66  5:33  Spine Crawler  
  66  5:35  Spine Crawler, Extractor x2  
  62  5:37  Extractor  
  62  5:39  Roach x2  
  62  5:40  Roach x6  
  62  5:41  Roach  
  74  6:00  Drone x5  
  74  6:01  Drone  
  80  6:06  Unknown  
  80  6:23  Lair  
  80  6:25  Overlord x3  
  80  6:27  Drone  
  80  6:28  Drone x7  
  88  6:42  Evolution Chamber  
  87  6:47  Drone  
  87  6:48  Drone x6  
  87  6:50  Overlord  
  94  7:03  Overlord x5  
  94  7:04  Overlord  
  94  7:05  Drone x2  
  96  7:09  Zerg Missile Weapons Level 1  
  96  7:17  Extractor  
  96  7:18  Extractor  
  96  7:20  Roach x6  
  96  7:22  Glial Reconstitution  
  105  7:33  Roach x6  
  105  7:34  Hatchery  
  116  7:49  Evolution Chamber  
  115  7:58  Spore Crawler  
  114  8:00  Drone  
  114  8:01  Drone x8  
  114  8:02  Drone x3  
  114  8:03  Overlord x2  
  126  8:07  Ravager x3  
  126  8:08  Ravager x6  
  135  8:24  Roach  
  135  8:25  Roach x12  
  161  8:45  Infestation Pit  
  161  8:47  Roach, Overlord x5  
  162  8:53  Extractor  
  161  8:57  Extractor  
  160  9:06  Roach x3  
  160  9:07  Roach x6  
  177  9:13  Queen  
  179  9:24  Roach x3  
  185  9:25  Zerg Missile Weapons Level 2, Zerg Melee Weapons Level 1  
  185  9:32  Ravager x4  
  185  9:33  Ravager  
  190  9:41  Hive  
  190  9:43  Unknown  
  190  9:47  Overseer  
  190  9:48  Overseer  
  190  9:50  Spine Crawler x2, Roach x4  
  196  9:54  Unknown  
  196  10:05  Overlord x3  
  196  10:22  Ravager  
  196  10:24  Hatchery  
  196  10:47  Burrow  
  196  10:49  Roach  
  196  11:20  Unknown  
  196  11:29  Ultralisk Cavern  
  196  11:31  Zerg Ground Armor Level 1  
  196  11:32  Evolution Chamber  
  194  11:43  Queen  
  185  11:57  Roach  
  185  12:01  Zerg Missile Weapons Level 3  
  177  12:03  Roach  
  177  12:04  Roach x18  
  187  12:13  Roach  
  187  12:14  Roach x10  
  199  12:29  Ravager  
  195  12:30  Ravager x5  
  152  12:46  Roach x7  
  152  12:47  Roach x11  
  145  12:57  Roach  
  145  12:58  Roach x11  
  149  13:15  Roach  
  149  13:16  Roach x7  
  165  13:22  Roach x3  
  169  13:28  Zerg Ground Armor Level 2  
  169  13:30  Ravager  
  169  13:31  Ravager  
  169  13:32  Ravager  
  169  13:33  Ravager x2  
  174  13:40  Unknown x3  
  174  13:42  Queen  
  174  13:48  Chitinous Plating  
  176  13:52  Ultralisk x3  
  176  13:55  Ravager  
  195  13:56  Ravager x5  
  200  14:43  Extractor  
  200  14:44  Extractor  
  198  14:46  Spine Crawler  
  198  14:52  Overseer  
  185  14:55  Ultralisk x2  
Tags
 
Add a new tag
Caveats
  • Supply blocks, unpowered buildings, or Contaminate may cause inaccurate times.
  • Supply counts are checked every 10 seconds.